 Dungeon Sprint DCSS version 0.18.1-48-g4cf74bf (webtiles) character file.

2830 Groucho the Gargoyle Aeon (level 9, -7/59 HPs)
             Began as a Gargoyle Fighter on Sept 1, 2016.
             Was the Champion of Cheibriados.
             Mangled by an alligator snapping turtle (34 damage)
             ... in the Dungeon (Sprint VII: "The Pits").
             The game lasted 00:03:56 (777 turns).

Groucho the Gargoyle Aeon (Gargoyle Fighter)         Turns: 777, Time: 00:03:57

Health: -7/59      AC: 23    Str: 39    XL:     9   Next: 73%
Magic:  6/17       EV: 16    Int: 23    God:    Cheibriados [******]
Gold:   0          SH: 15    Dex: 27    Spells: 0 memorised, 8 levels left

rFire  . . .     SeeInvis .     w - +2 war axe (freeze)
rCold  . . .     Gourm    .     x - +3 plate armour
rNeg   + . .     Faith    .     c - +0 shield
rPois  ∞         Spirit   .     (no helmet)
rElec  +         Dismiss  .     (no cloak)
rCorr  .         Reflect  .     (no gloves)
SustAt .         Harm     .     (no boots)
MR     .....     NoTele   +     (no amulet)
Stlth  ..........               t - +3 ring of evasion
                                b - +3 ring of strength

@: very slightly contaminated, very slow, not resistant to hostile enchantments,
extremely unstealthy
A: negative energy resistance 1, electricity resistance, unbreathing,
petrification resistance, rot immunity, AC +5
a: Bend Time, Temporal Distortion, Slouch, Step From Time, Renounce Religion


You were in the Dungeon.
You worshipped Cheibriados.
Cheibriados was exalted by your worship.
You were not hungry.

You visited 1 branch

Inventory:

Hand Weapons
 a - a +2 hand axe
 s - a +2 dire flail of protection
 w - a +2 war axe of freezing (weapon)
 y - a +2 mace
Missiles
 o - 12 stones (quivered)
Armour
 c - a +0 shield (worn)
 x - a +3 plate armour (worn)
Jewellery
 b - a +3 ring of strength (left hand)
 t - a +3 ring of evasion (right hand)
Scrolls
 p - 3 scrolls of remove curse
 q - 5 scrolls of amnesia
 r - a scroll of summoning
Potions
 d - 2 potions of might
 e - 8 potions of curing
 g - 10 potions of heal wounds
 h - a potion of haste
 i - 4 potions of magic
 j - 3 potions of berserk rage
 n - 2 potions of invisibility
 u - a potion of cure mutation
 v - a potion of agility
Comestibles
 f - 8 bread rations
 l - 40 fruits
 m - 7 meat rations


   Skills:
 + Level 7.9 Fighting
 * Level 10.3 Axes
 * Level 10.4 Armour
 + Level 5.1 Dodging
 * Level 10.4 Shields
 * Level 11.9 Invocations


You had 8 spell levels left.
You didn't know any spells.

Dungeon Overview and Level Annotations

Branches:
Dungeon (1/1)

Altars:
Ashenzari
Cheibriados
Dithmenos
Elyvilon
Fedhas
Gozag
Kikubaaqudgha
Makhleb
Nemelex Xobeh
Okawaru
Pakellas
Qazlal
Ru
Sif Muna
Trog
Vehumet
Xom
Yredelemnul
Zin
The Shining One
Beogh
Jiyva
Lugonu


Innate Abilities, Weirdness & Mutations

You are resistant to torment.
Your stone body is resilient (AC +5).
You are immune to poison.
You resist negative energy.
You are resistant to electric shocks.
You can survive without breathing.
You are immune to petrification.
You are immune to rotting.


Message History

You block the orc knight's attack.
You block the alligator snapping turtle's attack.
You hit the orc knight but do no damage.
The orc knight is almost dead.
The orc knight hits you with a long sword of holy wrath!
The alligator snapping turtle barely misses you.
You slice the orc knight!! You freeze the orc knight.
You kill the orc knight!
Cheibriados appreciates the change of pace.
Your Dodging skill increases to level 5!
You hit something but do no damage. Something hits you but does no damage.
Deactivating autopickup; reactivate with Ctrl-A.
The alligator snapping turtle bites you from afar!
* * * LOW HITPOINT WARNING * * *
Unknown command.
Drink which item? (? for menu, Esc to quit)
You feel much better. Something hits you!
The alligator snapping turtle bites you from afar!!
Ouch! That really hurt!
You die...

.#?|##......#..#......#
'#####................+
.....'................+
)#####......#..#......#
..'.##................#
..#.#####'#####''#####
###.##.......##†'#####
..#†##.......##)†)...+
..†.##.......##.@....+ .
######...<...##))...##..
)))[##.......##.t.###...
)))[##.......##..##.....
######.......##''#)..#..
.#..###########..)..{...
.#†############++#)..#..
.#.#.)..#..[[# #.....
.#'#....#..[[# ##...


You could see an alligator snapping turtle.

Vanquished Creatures
  An orc knight (D)
  A deep elf mage (D)
  An orc sorcerer (D)
  Psyche (D)
  A demonic crawler (D)
  A guardian mummy (D)
  A tarantella (D)
  A giant eyeball (D)
  An orc warrior (D)
  A gnoll sergeant (D)
  4 wights (D)
  A gnoll shaman (D)
  An iron imp (D)
  A worker ant (D)
  10 gnolls (D)
  An adder (D)
  A river rat (D)
  A worm (D)
  2 giant geckos (D)
  An orc (D)
  A giant cockroach (D)
  6 jackals (D)
  2 ball pythons (D)
  A bat (D)
  2 giant newts (D)
  3 kobolds (D)
  A rat (D)
49 creatures vanquished.

Notes
Turn   | Place    | Note
--------------------------------------------------------------
     0 | D        | Groucho the Gargoyle Fighter began the quest for the Orb.
     0 | D        | Reached XP level 1. HP: 14/14 MP: 1/1
    53 | D        | Found a sacrificial altar of Ru.
    53 | D        | Found a basalt altar of Yredelemnul.
    53 | D        | Found a shadowy altar of Dithmenos.
    53 | D        | Found a deep blue altar of Sif Muna.
    53 | D        | Found a burning altar of Makhleb.
    53 | D        | Found a shimmering altar of Xom.
    53 | D        | Found an ancient bone altar of Kikubaaqudgha.
    53 | D        | Found a sparkling altar of Nemelex Xobeh.
    54 | D        | Found a glowing golden altar of the Shining One.
    54 | D        | Found a bloodstained altar of Trog.
    54 | D        | Found a shattered altar of Ashenzari.
    54 | D        | Found a white marble altar of Elyvilon.
    54 | D        | Found a snail-covered altar of Cheibriados.
    54 | D        | Found a blossoming altar of Fedhas.
    54 | D        | Found a radiant altar of Vehumet.
    54 | D        | Found a glowing silver altar of Zin.
    54 | D        | Found a corrupted altar of Lugonu.
    54 | D        | Found a viscous altar of Jiyva.
    54 | D        | Found a roughly hewn altar of Beogh.
    54 | D        | Found an iron altar of Okawaru.
    55 | D        | Found an oddly glowing altar of Pakellas.
    60 | D        | Found a stormy altar of Qazlal.
    60 | D        | Found an opulent altar of Gozag.
    64 | D        | Became a worshipper of Cheibriados the Contemplative
    84 | D        | Reached skill level 1 in Invocations
   194 | D        | Noticed a giant eyeball
   199 | D        | Reached * piety under Cheibriados
   208 | D        | Reached ** piety under Cheibriados
   208 | D        | Reached skill level 2 in Invocations
   209 | D        | Paralysed by a giant eyeball for 2 turns
   214 | D        | Reached XP level 2. HP: 19/19 MP: 3/3
   216 | D        | Paralysed by a giant eyeball for 4 turns
   221 | D        | Killed a giant eyeball
   221 | D        | Reached skill level 6 in Invocations
   221 | D        | Reached XP level 3. HP: 23/23 MP: 3/7
   221 | D        | Reached XP level 4. HP: 28/28 MP: 3/9
   282 | D        | Reached *** piety under Cheibriados
   287 | D        | Reached **** piety under Cheibriados
   288 | D        | Reached XP level 5. HP: 32/32 MP: 10/10
   361 | D        | Reached skill level 7 in Invocations
   361 | D        | Reached skill level 1 in Dodging
   361 | D        | Reached ***** piety under Cheibriados
   420 | D        | Reached ****** piety under Cheibriados
   431 | D        | Noticed a tarantella
   440 | D        | Killed a tarantella
   440 | D        | Reached skill level 8 in Invocations
   440 | D        | Reached XP level 6. HP: 37/40 MP: 10/12
   445 | D        | Reached skill level 5 in Fighting
   483 | D        | Noticed a deep elf mage
   483 | D        | Noticed a guardian mummy
   484 | D        | Reached XP level 7. HP: 44/44 MP: 13/13
   484 | D        | Reached skill level 9 in Invocations
   486 | D        | Killed a deep elf mage
   486 | D        | Reached skill level 10 in Invocations
   486 | D        | Reached XP level 8. HP: 51/51 MP: 3/15
   492 | D        | Killed a guardian mummy
   763 | D        | Noticed Psyche
   764 | D        | Noticed an orc knight
   764 | D        | Noticed an orc sorcerer
   765 | D        | Noticed a demonic crawler
   765 | D        | Noticed an alligator snapping turtle
   766 | D        | Killed Psyche
   766 | D        | Reached XP level 9. HP: 56/56 MP: 15/17
   767 | D        | Reached skill level 11 in Invocations
   767 | D        | Killed an orc sorcerer
   767 | D        | Killed a demonic crawler
   767 | D        | Reached skill level 10 in Axes
   767 | D        | Reached skill level 10 in Armour
   767 | D        | Reached skill level 10 in Shields
   776 | D        | Killed an orc knight
   776 | D        | Reached skill level 5 in Dodging
   777 | D        | Mangled by an alligator snapping turtle

Skill      XL: |  1  2  3  4  5  6  7  8  9 |
---------------+----------------------------+-----
Axes           | 3 6 7 8 9 10 | 10.3
Invocations    | 2 6 8 10 11 | 11.9
Armour         | 6 8 9 10 | 10.4
Shields        | 6 8 9 10 | 10.4
Dodging        | 2 3 4 5 |  5.1
Fighting       | 4 5 6 7 |  7.9

Action                   |  1- 3 |  4- 6 |  7- 9 || total
-------------------------+-------+-------+-------++-------
Melee: Hand axe          |    28 |    34 |     6 ||    68
       War axe           |     8 |       |     6 ||    14
Invok: Slouch            |       |     2 |     5 ||     7
  Use: Potion            |       |       |     2 ||     2
       Scroll            |       |       |     1 ||     1
Armor: Scale mail        |    26 |       |       ||    26
       Chain mail        |       |     8 |       ||     8
       Plate armour      |       |       |     2 ||     2
Dodge: Dodged            |    13 |     9 |     4 ||    26
Block: Shield            |    12 |    16 |    11 ||    39
